[Event "January 2 Early 2024"]
[Site "https://www.chess.com"]
[Date "2024.01.02"]
[Round "4"]
[White "Maltsevskaya, Aleksandra"]
[Black "Vasquez Schroeder, Rodrigo"]
[Result "0-1"]
[Board "50"]
[TimeControl "180+1"]
[WhiteFideId "24174041"]
[BlackFideId "3400042"]
[WhiteElo "2603"]
[BlackElo "2911"]
[WhiteTeam "POL"]
[BlackTeam "CHI"]
[WhiteClock "0:00:03"]
[BlackClock "0:01:06"]

1. e4 c5 2. Nf3 d6 3. d4 cxd4 4. Nxd4 Nf6 5. Nc3 a6 6. Bg5 e6 7. Qd2 h6 8. Be3 Ng4 9. O-O-O Nxe3 10. Qxe3 Nc6 11. f4 Qb6 12. Nf5 Qc7 13. g4 Bd7 14. Nd4 Be7 15. g5 hxg5 16. fxg5 Nxd4 17. Rxd4 Qc5 18. Kb1 Bxg5 19. Qd3 Bf4 20. Rc4 Qb6 21. h4 Be5 22. a3 Ke7 23. h5 Rac8 24. Be2 Rxc4 25. Qxc4 Rc8 26. Qb4 Qxb4 27. axb4 Bxc3 28. bxc3 Rxc3 29. h6 gxh6 30. Rxh6 Bb5 31. Bh5 Rc4 32. Rh7 Rxb4+ 33. Kc1 Be8 34. Bf3 a5 35. Kd2 b6 36. Rh1 e5 37. c3 Rb2+ 38. Kd3 Bb5+ 0-1

[Event "January 2 Early 2024"]
[Site "https://www.chess.com"]
[Date "2024.01.02"]
[Round "4"]
[White "Palczert, Matyas"]
[Black "Galchenko, Matvey"]
[Result "1/2-1/2"]
[Board "51"]
[TimeControl "180+1"]
[WhiteFideId "784958"]
[BlackFideId "24175480"]
[WhiteElo "2596"]
[BlackElo "2904"]
[WhiteTeam "HUN"]
[BlackTeam "FID"]
[WhiteClock "0:00:06"]
[BlackClock "0:00:17"]

1. d4 d5 2. e4 e6 3. Nc3 Bb4 4. Ne2 Nf6 5. a3 Be7 6. e5 Nfd7 7. g3 c5 8. f4 Nc6 9. Bg2 O-O 10. Be3 b6 11. f5 cxd4 12. Nxd4 Ndxe5 13. fxe6 fxe6 14. Nxc6 Nxc6 15. Nxd5 Bg5 16. Nf4 Qc7 17. O-O Bf6 18. Nd5 exd5 19. Qxd5+ Kh8 20. Qxc6 Qxc6 21. Bxc6 Ba6 22. Rxf6 gxf6 23. Bxa8 Rxa8 24. Rd1 Bb5 25. Rd6 Kg7 26. Bd4 Rf8 27. b3 Rf7 28. c4 Be8 29. Kf2 Kg6 30. Ke3 Kf5 31. Kf3 h5 32. h3 Kg5 33. Be3+ Kg6 34. Kf4 Rd7 35. Rxd7 Bxd7 36. g4 hxg4 37. hxg4 Bc6 38. c5 bxc5 39. Bxc5 a6 40. Bd4 Bd5 41. b4 Bc6 42. Be3 Bd5 43. Kg3 Bc6 44. Bf4 f5 45. g5 Kh5 46. Kf2 Kg4 47. Ke3 Be8 48. a4 Bxa4 49. g6 Kh5 50. g7 Bb3 51. Be5 Kg6 52. Kf4 Bc4 53. Bc3 Bd3 54. Bd4 Kf7 55. Be5 Kg8 56. Ke3 Bb5 57. Kf4 Bd3 58. Bf6 Be4 59. Be5 Bd3 1/2-1/2

[Event "January 2 Early 2024"]
[Site "https://www.chess.com"]
[Date "2024.01.02"]
[Round "4"]
[White "Bjerre, Jonas Buhl"]
[Black "Veljanoski, Andrej"]
[Result "1-0"]
[Board "52"]
[TimeControl "180+1"]
[WhiteFideId "1444948"]
[BlackFideId "15003604"]
[WhiteElo "2879"]
[BlackElo "2590"]
[WhiteTeam "DEN"]
[BlackTeam "MKD"]
[WhiteClock "0:00:28"]
[BlackClock "0:00:15"]

1. Nf3 b6 2. e4 Bb7 3. Nc3 g6 4. d4 Bg7 5. Be3 d6 6. Bd3 Nd7 7. h4 h6 8. Qe2 e5 9. O-O-O Ngf6 10. dxe5 dxe5 11. Nxe5 Nxe5 12. Bb5+ Nfd7 13. f4 Nc6 14. h5 a6 15. Bxc6 Bxc6 16. Qc4 Bb7 17. hxg6 O-O 18. gxf7+ Kh7 19. Qe6 Bc8 20. Qd5 Rb8 21. e5 Qe7 22. Qe4+ Kh8 23. g4 Bb7 24. Nd5 Nf6 25. Qg6 Qxf7 26. Qxf7 Rxf7 27. exf6 Bf8 28. g5 Rd8 29. c4 Bxd5 30. cxd5 Kh7 31. f5 Rfd7 32. g6+ Kg8 33. f7+ Kh8 34. Bd4+ 1-0

[Event "January 2 Early 2024"]
[Site "https://www.chess.com"]
[Date "2024.01.02"]
[Round "4"]
[White "Rohith Krishna S"]
[Black "Weishaeutel, Moritz"]
[Result "1/2-1/2"]
[Board "53"]
[TimeControl "180+1"]
[WhiteFideId "46617051"]
[BlackFideId "12967300"]
[WhiteElo "2856"]
[BlackElo "2587"]
[WhiteTeam "IND"]
[BlackTeam "GER"]
[WhiteClock "0:00:15"]
[BlackClock "0:00:06"]

1. d4 Nf6 2. c4 c5 3. d5 b5 4. Nf3 Bb7 5. Nc3 b4 6. Na4 d6 7. a3 a5 8. Bg5 g6 9. Bxf6 exf6 10. e4 Bg7 11. Bd3 O-O 12. O-O Nd7 13. Qc2 Re8 14. Rae1 Bc8 15. h3 Ne5 16. Be2 f5 17. Nxe5 Bxe5 18. exf5 Bxf5 19. Bd3 Bd7 20. Re2 Qh4 21. Rfe1 Qf4 22. g3 Qf6 23. Nb6 Bxh3 24. Nxa8 Rxa8 25. Be4 Bd4 26. Bg2 Bg4 27. Re8+ Rxe8 28. Rxe8+ Kg7 29. axb4 axb4 30. b3 h5 31. Qd2 h4 32. gxh4 Qxh4 33. Re4 Qh5 34. Qf4 Be5 35. Rxe5 dxe5 36. Qe3 Qf5 37. d6 f6 38. Bf1 Qd7 39. Qxc5 Kf7 40. Bg2 Be6 41. Bc6 Qd8 42. Qa7+ Kg8 43. c5 Qc8 44. Qb6 Bd7 45. Bxd7 Qxd7 46. Qc7 Qg4+ 47. Kf1 Qd1+ 48. Kg2 Qg4+ 49. Kh2 Qh4+ 50. Kg1 Qg4+ 51. Kf1 Qd1+ 52. Kg2 Qg4+ 53. Kh1 Qh4+ 54. Kg1 Qg4+ 1/2-1/2

[Event "January 2 Early 2024"]
[Site "https://www.chess.com"]
[Date "2024.01.02"]
[Round "4"]
[White "Materia, Marco"]
[Black "Lund, Gunnar"]
[Result "1-0"]
[Board "54"]
[TimeControl "180+1"]
[WhiteFideId "45150451"]
[BlackFideId "1520814"]
[WhiteElo "2836"]
[BlackElo "2577"]
[WhiteTeam "FRA"]
[BlackTeam "NOR"]
[WhiteClock "0:00:21"]
[BlackClock "0:00:02"]

1. Nf3 d5 2. e3 Bg4 3. d4 e6 4. Be2 Nf6 5. O-O Be7 6. c4 O-O 7. h3 Bxf3 8. Bxf3 c6 9. b3 Nbd7 10. Bb2 Re8 11. Nc3 Bf8 12. e4 dxe4 13. Nxe4 Nxe4 14. Bxe4 Nf6 15. Bc2 c5 16. dxc5 Qxd1 17. Raxd1 Bxc5 18. Rd2 Rad8 19. Rfd1 Rxd2 20. Rxd2 Kf8 21. Kf1 Be7 22. Ke2 Rd8 23. Rxd8+ Bxd8 24. Bd4 b6 25. b4 Be7 26. a3 Ke8 27. Kd3 Kd7 28. Ba4+ Kc7 29. g4 a5 30. c5 Nd5 31. Be5+ Kc8 32. Kc4 axb4 33. axb4 f6 34. Bg3 bxc5 35. bxc5 Bd8 36. Bc6 Ne7 37. Be4 Bc7 38. Bxh7 Bxg3 39. fxg3 Kc7 40. Be4 Ng8 41. h4 Nh6 42. Bf3 Nf7 43. Kb5 Ne5 44. Bd1 Nc6 45. Kc4 Ne7 46. Kd4 Kc6 47. Bf3+ Kc7 48. Be2 Kc6 49. Bf3+ Kc7 50. Ke3 Ng6 51. Be4 Ne5 52. Kf4 Nd7 53. c6 Nb8 54. g5 Kd6 55. gxf6 gxf6 56. h5 1-0

[Event "January 2 Early 2024"]
[Site "https://www.chess.com"]
[Date "2024.01.02"]
[Round "4"]
[White "Roberson, Peter T"]
[Black "Boruchovsky, Avital"]
[Result "0-1"]
[Board "55"]
[TimeControl "180+1"]
[WhiteFideId "412384"]
[BlackFideId "2800055"]
[WhiteElo "2569"]
[BlackElo "2822"]
[WhiteTeam "ENG"]
[BlackTeam "ISR"]
[WhiteClock "0:00:15"]
[BlackClock "0:00:57"]

1. b3 d5 2. Bb2 Nd7 3. Nf3 Ngf6 4. g3 c5 5. Bg2 b6 6. O-O Bb7 7. d4 cxd4 8. Qxd4 e6 9. c4 Bc5 10. Qh4 dxc4 11. bxc4 O-O 12. Rd1 Ne4 13. Nd4 Qxh4 14. gxh4 Ndf6 15. f3 Nd6 16. Ba3 Nxc4 17. Bxc5 bxc5 18. Nb3 Ne3 19. Rc1 c4 20. Na5 Ba6 21. Na3 Rac8 22. Kf2 Nfd5 23. Rab1 c3 24. Nc2 Nxg2 25. Kxg2 Nf4+ 26. Kf2 Nxe2 27. Rd1 Nf4 28. Rd6 Bd3 29. Rc1 Bg6 30. Nb4 Rb8 31. Nac6 Rb6 32. Rxc3 h5 33. Ne7+ Kh7 34. Rxb6 axb6 35. Rc6 b5 36. Nxg6 Kxg6 37. Rc5 Rb8 38. Ke3 Ng2+ 39. Kd4 Nxh4 40. Nc6 Ra8 41. Ne5+ Kf6 42. Rxb5 Nf5+ 43. Kd3 Ra3+ 44. Kc4 Nd6+ 0-1

[Event "January 2 Early 2024"]
[Site "https://www.chess.com"]
[Date "2024.01.02"]
[Round "4"]
[White "Korchynskyi, Mykola"]
[Black "Narayanan, Srinath"]
[Result "0-1"]
[Board "56"]
[TimeControl "180+1"]
[WhiteFideId "34138005"]
[BlackFideId "5018420"]
[WhiteElo "2564"]
[BlackElo "2821"]
[WhiteTeam "UKR"]
[BlackTeam "IND"]
[WhiteClock "0:00:02"]
[BlackClock "0:00:09"]

1. d4 Nf6 2. c4 c5 3. d5 g6 4. Nc3 Bg7 5. e4 O-O 6. Nf3 e6 7. Bd3 exd5 8. cxd5 d6 9. O-O a6 10. Bf4 Bg4 11. h3 Bxf3 12. Qxf3 Qe7 13. Rfe1 Nbd7 14. a4 Nh5 15. Bh2 Ne5 16. Qd1 Qg5 17. Re3 Rab8 18. Ne2 Nxd3 19. Qxd3 Bxb2 20. f4 Qd8 21. Rb1 Bh8 22. e5 Ng7 23. Ng3 Qc7 24. e6 c4 25. Qe4 f5 26. Qc2 Ne8 27. e7 Rf7 28. Re6 b5 29. axb5 axb5 30. Rbe1 b4 31. h4 b3 32. Qe2 b2 33. h5 b1=Q 34. hxg6 hxg6 35. Rxb1 Rxb1+ 36. Nf1 Bg7 37. Bg3 c3 38. Qc2 Qa7+ 39. Kh2 Rxf1 40. Qxc3 Bxc3 41. Kh3 0-1

[Event "January 2 Early 2024"]
[Site "https://www.chess.com"]
[Date "2024.01.02"]
[Round "4"]
[White "Ginzburg, Yakov"]
[Black "Moskalenko, Alexander"]
[Result "0-1"]
[Board "57"]
[TimeControl "180+1"]
[WhiteFideId "4157176"]
[BlackFideId "4155351"]
[WhiteElo "2560"]
[BlackElo "2816"]
[WhiteTeam "RUS"]
[BlackTeam "RUS"]
[WhiteClock "0:00:00"]
[BlackClock "0:01:44"]

1. e4 c5 2. Nf3 d6 3. d4 cxd4 4. Nxd4 Nf6 5. Nc3 a6 6. h3 e6 7. g4 h6 8. Bg2 Be7 9. Be3 Nc6 10. Qd2 Nxd4 11. Bxd4 O-O 12. O-O-O e5 13. Be3 b5 14. Kb1 Be6 15. Nd5 Bxd5 16. exd5 Nd7 17. h4 Bxh4 18. Bxh6 Qf6 19. Rxh4 Qxh4 20. Rh1 Qxg4 21. Bh3 Qh5 22. Bxg7 Kxg7 23. Rg1+ Kf6 24. Bxd7 Rg8 25. Re1 Qf3 26. Bc6 Rac8 27. a3 Ke7 28. Re3 Rg1+ 29. Ka2 Qd1 30. Rxe5+ dxe5 31. Qb4+ Kf6 32. Qh4+ Kg7 33. Qh3 Rxc6 34. dxc6 Qd5+ 35. b3 Qxc6 36. Kb2 Qf6 0-1

[Event "January 2 Early 2024"]
[Site "https://www.chess.com"]
[Date "2024.01.02"]
[Round "4"]
[White "Bordi, Kevin"]
[Black "Manukyan, Sargis V."]
[Result "1-0"]
[Board "58"]
[TimeControl "180+1"]
[WhiteFideId "621862"]
[BlackFideId "13303465"]
[WhiteElo "2810"]
[BlackElo "2559"]
[WhiteTeam "MNC"]
[BlackTeam "ARM"]
[WhiteClock "0:00:33"]
[BlackClock "0:00:03"]

1. d4 c5 2. c3 g6 3. Nf3 Bg7 4. Bf4 Nf6 5. e3 O-O 6. h3 d6 7. Be2 b6 8. O-O Bb7 9. a4 a6 10. Nbd2 Nbd7 11. Qb3 Ra7 12. Rfe1 Qa8 13. Bf1 Ne4 14. Nxe4 Bxe4 15. Nd2 Bd5 16. Qc2 cxd4 17. exd4 Re8 18. Re3 Bc6 19. Rae1 Nf6 20. Bg3 b5 21. axb5 axb5 22. Qb3 Bd5 23. Qxb5 Rb8 24. Qd3 Rxb2 25. Rxe7 Raa2 26. Nc4 Rc2 27. Nxd6 Bf8 28. R7e2 Rxe2 29. Rxe2 Bxd6 30. Rxa2 Qxa2 31. Bxd6 Qa1 32. c4 Be4 33. Qb3 Kg7 34. Be5 Qd1 35. Qb6 Bd3 36. Qxf6+ Kh6 37. Bf4+ Kh5 38. Qg5# 1-0

[Event "January 2 Early 2024"]
[Site "https://www.chess.com"]
[Date "2024.01.02"]
[Round "4"]
[White "Bologan, Victor"]
[Black "Sharapov, Evgeny"]
[Result "1-0"]
[Board "59"]
[TimeControl "180+1"]
[WhiteFideId "13900048"]
[BlackFideId "14103133"]
[WhiteElo "2804"]
[BlackElo "2556"]
[WhiteTeam "MDA"]
[BlackTeam "UKR"]
[WhiteClock "0:01:04"]
[BlackClock "0:01:20"]

1. e4 c6 2. d4 d5 3. e5 c5 4. Nf3 Nc6 5. dxc5 e6 6. Bd3 Bxc5 7. O-O Nge7 8. Nbd2 a5 9. a4 Ng6 10. Nb3 Be7 11. Qe2 O-O 12. Re1 Nb4 13. Bxg6 fxg6 14. Nfd4 Bd7 15. c3 Nc6 16. Nxc6 bxc6 17. Be3 Rb8 18. Nc5 Rf5 19. Bd4 Bc8 20. Rab1 h5 21. b4 axb4 22. cxb4 Ra8 23. Ra1 h4 24. h3 Bxc5 25. Bxc5 Ba6 26. b5 cxb5 27. axb5 Bb7 28. Bd4 Rxa1 29. Rxa1 Rf4 30. Qd3 Rf5 31. Ra7 Qc7 32. Qc3 Qxc3 33. Bxc3 Rf7 34. Bd4 Kf8 35. f3 Ke8 36. Bf2 Kd8 37. Bxh4+ Kc8 38. Bf2 Rc7 39. Ra1 Rc2 40. h4 Kd7 41. Bd4 Rc4 42. Rd1 Rb4 43. b6 Kc6 44. Kf2 Rc4 45. Ke3 Ba6 46. Ra1 Kb7 47. g4 Rc2 48. Kf4 Rc4 49. Rd1 Ra4 50. Kg5 Ra3 51. Kxg6 Rxf3 52. Kxg7 Rf4 53. g5 Rxh4 54. g6 1-0

[Event "January 2 Early 2024"]
[Site "https://www.chess.com"]
[Date "2024.01.02"]
[Round "4"]
[White "Womacka, Mathias"]
[Black "Holt, Conrad"]
[Result "0-1"]
[Board "60"]
[TimeControl "180+1"]
[WhiteFideId "4611390"]
[BlackFideId "2034387"]
[WhiteElo "2552"]
[BlackElo "2797"]
[WhiteTeam "GER"]
[BlackTeam "USA"]
[WhiteClock "0:00:55"]
[BlackClock "0:01:22"]

1. e4 e6 2. d4 d5 3. Nd2 c5 4. exd5 Qxd5 5. Ngf3 cxd4 6. Bc4 Qd6 7. O-O Nf6 8. Nb3 Nc6 9. Nbxd4 Nxd4 10. Nxd4 Be7 11. c3 O-O 12. Qf3 Qc5 13. Bd3 Qh5 14. Qg3 e5 15. Nb3 Rd8 16. Bc2 a5 17. a4 Be6 18. Be3 Nd5 19. Bc5 Bh4 20. Qd3 Nf4 21. Qxh7+ Qxh7 22. Bxh7+ Kxh7 0-1

[Event "January 2 Early 2024"]
[Site "https://www.chess.com"]
[Date "2024.01.02"]
[Round "4"]
[White "Ismayil, Malak"]
[Black "ilqar_74"]
[Result "0-1"]
[Board "61"]
[TimeControl "180+1"]
[WhiteFideId "13412604"]
[WhiteElo "2551"]
[BlackElo "2795"]
[WhiteTeam "AZE"]
[WhiteClock "0:00:00"]
[BlackClock "0:00:24"]

1. e4 c5 2. Nf3 d6 3. Bb5+ Bd7 4. Bxd7+ Qxd7 5. c4 e5 6. Nc3 Nf6 7. d3 h6 8. a3 Nc6 9. Rb1 Nd4 10. b4 b6 11. bxc5 bxc5 12. Nxd4 cxd4 13. Nd5 Nxd5 14. cxd5 Be7 15. Bd2 O-O 16. O-O Rfc8 17. f4 Bf6 18. fxe5 Bxe5 19. Rf5 Rc7 20. Qg4 Kh7 21. Rbf1 Rf8 22. Qh5 f6 23. Qh4 Rc2 24. Bc1 Rfc8 25. Bf4 Re2 26. Bxe5 dxe5 27. h3 Rcc2 28. R5f2 Rcd2 29. Qg3 Re3 30. Rf3 Rdxd3 31. Kh2 Rc3 32. Rxe3 Rxe3 33. Qh4 Qf7 34. Qg4 Rc3 35. Qf5+ Qg6 36. Qxg6+ Kxg6 37. Rc1 Rxc1 0-1

[Event "January 2 Early 2024"]
[Site "https://www.chess.com"]
[Date "2024.01.02"]
[Round "4"]
[White "Jeet, Jain"]
[Black "Haug, Havard"]
[Result "0-1"]
[Board "62"]
[TimeControl "180+1"]
[WhiteFideId "5073022"]
[BlackFideId "1547887"]
[WhiteElo "2550"]
[BlackElo "2786"]
[WhiteTeam "IND"]
[BlackTeam "NOR"]
[WhiteClock "0:00:00"]
[BlackClock "0:00:40"]

1. Nf3 b6 2. g3 Bb7 3. Bg2 e6 4. O-O f5 5. d3 Nf6 6. Nbd2 Be7 7. Re1 O-O 8. e4 Nc6 9. c3 fxe4 10. dxe4 e5 11. Qb3+ Kh8 12. Nc4 Bc5 13. Bg5 Qe8 14. Rad1 d6 15. Qc2 a5 16. Be3 Ba6 17. Bxc5 Bxc4 18. Be3 Qh5 19. b3 Be6 20. Ng5 Bd7 21. h4 h6 22. Nh3 Bg4 23. Rd2 Bf3 24. Qd3 Nxe4 25. Bxh6 Bxg2 26. Kxg2 Nxd2 27. Bxd2 Qf5 28. Qd5 Ne7 29. Qc4 Rac8 30. f4 Ng6 31. Rf1 e4 32. Be3 d5 33. Qa6 Qg4 34. Kh2 Ne7 35. Nf2 Qg6 36. g4 c5 37. h5 Qf6 38. Nh3 Qxc3 39. Bf2 e3 40. Bg3 Qc2+ 41. Kg1 d4 42. Qb7 Rfe8 0-1

[Event "January 2 Early 2024"]
[Site "https://www.chess.com"]
[Date "2024.01.02"]
[Round "4"]
[White "Anuj Shrivatri"]
[Black "Kambrath, Yannick"]
[Result "1-0"]
[Board "63"]
[TimeControl "180+1"]
[WhiteFideId "35070924"]
[BlackFideId "20632525"]
[WhiteElo "2782"]
[BlackElo "2546"]
[WhiteTeam "IND"]
[BlackTeam "FRA"]
[WhiteClock "0:00:10"]
[BlackClock "0:00:05"]

1. e4 e5 2. Nf3 Nc6 3. Bb5 a6 4. Ba4 Nf6 5. d3 b5 6. Bb3 Bb7 7. a4 Be7 8. O-O O-O 9. Nc3 Nd4 10. Nxd4 exd4 11. Ne2 c5 12. e5 Nd5 13. Nxd4 bxa4 14. Bxd5 Bxd5 15. Nf5 Bc6 16. Qg4 g6 17. Re1 Re8 18. Bd2 Bf8 19. Bc3 d5 20. Nd6 Re6 21. d4 c4 22. Nf5 Bd7 23. Qg3 Rb8 24. Ne3 Reb6 25. Nxd5 Rxb2 26. Nf6+ Kg7 27. d5 Rxc2 28. e6 Rxc3 29. Qxc3 Qxf6 30. Qxf6+ Kxf6 31. exd7 a3 32. Re8 a2 33. Rxb8 c3 34. d8=Q+ 1-0

[Event "January 2 Early 2024"]
[Site "https://www.chess.com"]
[Date "2024.01.02"]
[Round "4"]
[White "Suyarov, Mukhammadzokhid"]
[Black "Timerkhanov, Alexander"]
[Result "1-0"]
[Board "64"]
[TimeControl "180+1"]
[WhiteFideId "14210495"]
[BlackFideId "24177938"]
[WhiteElo "2777"]
[BlackElo "2646"]
[WhiteTeam "UZB"]
[BlackTeam "RUS"]
[WhiteClock "0:00:06"]
[BlackClock "0:00:11"]

1. d4 d5 2. Nc3 c6 3. Bf4 Nf6 4. e3 g6 5. h4 h5 6. Nf3 Bg7 7. Ne5 Nbd7 8. Nxd7 Bxd7 9. Be2 b5 10. Bf3 Bf5 11. O-O O-O 12. Re1 e6 13. Be5 b4 14. Na4 Ne4 15. Bxg7 Kxg7 16. g3 Qd6 17. Rc1 g5 18. Bxe4 Bxe4 19. Qxh5 gxh4 20. Qg5+ Bg6 21. Kg2 hxg3 22. Rh1 Rh8 23. Qxg3 Qxg3+ 24. Kxg3 Rxh1 25. Rxh1 Bxc2 26. Nc5 a5 27. Kf4 a4 28. Ke5 a3 29. b3 Rh8 30. Rg1+ Bg6 31. Na6 Kf8 32. Kd6 Rh2 33. Nxb4 Rxf2 34. Kxc6 Re2 35. Kb5 Rxe3 36. Ka4 Re4 37. Nc6 Re2 38. Kxa3 Bc2 39. Ne5 f5 40. Rg6 Ke7 41. Rg7+ Kf6 42. Rg6+ Ke7 43. Rg7+ Kf8 44. Rf7+ Ke8 45. Rf6 Ke7 46. Rf7+ Kd8 47. Kb4 Bd1 48. a4 Rb2 49. Kc5 Rxb3 50. Kd6 Rb6+ 51. Nc6+ Ke8 52. Ra7 f4 53. a5 Rb1 54. Kxe6 Bg4+ 55. Kf6 f3 56. Ra8+ Kd7 57. Ne5+ Kc7 58. Nxg4 Rg1 59. Kf5 f2 60. Nxf2 Rf1 61. Ke5 Rxf2 62. Kxd5 Ra2 63. Ra6 Kb7 64. Rb6+ Kc7 65. Rb5 Ra1 66. Rc5+ Kd7 67. Rb5 Kc7 68. Ke6 Re1+ 69. Re5 Rd1 70. Rc5+ Kd8 71. d5 Rh1 72. Rb5 Rh6+ 73. Ke5 Kc7 74. Kd4 Rh1 75. Rb6 Ra1 76. Rc6+ Kd7 77. a6 Rd1+ 78. Kc5 Rc1+ 79. Kb6 Rd1 80. a7 Rb1+ 81. Ka6 Ra1+ 82. Kb7 Rb1+ 83. Rb6 1-0

[Event "January 2 Early 2024"]
[Site "https://www.chess.com"]
[Date "2024.01.02"]
[Round "4"]
[White "Rangel, Daniel"]
[Black "Hammer, Jon Ludvig"]
[Result "0-1"]
[Board "65"]
[TimeControl "180+1"]
[WhiteFideId "2124475"]
[BlackFideId "1503707"]
[WhiteElo "2538"]
[BlackElo "2777"]
[WhiteTeam "BRA"]
[BlackTeam "NOR"]
[WhiteClock "0:00:02"]
[BlackClock "0:00:04"]

1. c4 e5 2. g3 c6 3. Bg2 d5 4. cxd5 cxd5 5. Nf3 Nc6 6. O-O e4 7. Ne1 f5 8. d3 Nf6 9. Bg5 Be6 10. d4 Be7 11. e3 O-O 12. Nc3 h6 13. Bxf6 Bxf6 14. Nc2 Qd7 15. b4 Rac8 16. Qd2 h5 17. f4 h4 18. a4 Be7 19. Rab1 b6 20. Rfc1 g6 21. Kf2 Kg7 22. Bf1 Rh8 23. Kg1 Rh7 24. Bb5 Rch8 25. Qg2 hxg3 26. hxg3 Qd6 27. Bxc6 Qxc6 28. Ne2 Qxa4 29. Ra1 Qd7 30. b5 Bd6 31. Rcb1 Kf6 32. Nb4 Qxb5 33. Nc3 Qc4 34. Nca2 Rh1+ 35. Qxh1 Rxh1+ 36. Kxh1 Qe2 37. Re1 Qf2 38. Rg1 a5 39. Nc6 Bd7 40. Ne5 Bb5 41. g4 Be2 42. g5+ Ke6 43. Nc3 Bxe5 44. Nxe2 Bd6 45. Nc3 Qxe3 46. Nb5 Qxf4 47. Rg2 Qf3 48. Kg1 Bf4 49. Rf1 Be3+ 50. Kh1 Qxf1+ 51. Kh2 Bf4+ 52. Kh3 Qh1+ 0-1

[Event "January 2 Early 2024"]
[Site "https://www.chess.com"]
[Date "2024.01.02"]
[Round "4"]
[White "Korchmar, Vasiliy"]
[Black "Kilpatrick, Callum"]
[Result "0-1"]
[Board "66"]
[TimeControl "180+1"]
[WhiteFideId "24131750"]
[BlackFideId "414425"]
[WhiteElo "2773"]
[BlackElo "2536"]
[WhiteTeam "RUS"]
[BlackTeam "ENG"]
[WhiteClock "0:00:00"]
[BlackClock "0:00:08"]

1. e4 e5 2. Nf3 Nc6 3. Bc4 Nf6 4. d3 h6 5. O-O d6 6. a4 a5 7. Nc3 Bg4 8. Be3 Be7 9. Nd5 Qd7 10. h3 Be6 11. c3 g5 12. Qb3 O-O-O 13. Bb5 Rdg8 14. Nd2 Bd8 15. Nc4 Kb8 16. Qa3 Nxd5 17. exd5 Bxd5 18. Nxa5 g4 19. c4 Bxg2 20. Kxg2 gxh3+ 21. Kh2 Rg2+ 22. Kh1 Qg4 23. Bxc6 bxc6 24. Qb4+ Kc8 25. Qb7+ Kd7 26. Qxc6+ Ke7 27. Qe4 Qg7 28. Nc6+ Kd7 29. Nxd8 Kxd8 30. Rg1 Rg8 31. Rxg2 hxg2+ 32. Kg1 f5 33. Qh4+ Kd7 34. c5 Qg6 35. cxd6 cxd6 36. Rc1 f4 37. Bb6 Qxd3 38. Rc7+ Ke6 39. Qxh6+ Kd5 40. Rc5+ dxc5 41. Qh5 Qf1+ 0-1

[Event "January 2 Early 2024"]
[Site "https://www.chess.com"]
[Date "2024.01.02"]
[Round "4"]
[White "Novozhilov, Semen"]
[Black "Tifferet, Shakked"]
[Result "1/2-1/2"]
[Board "67"]
[TimeControl "180+1"]
[WhiteFideId "24289167"]
[BlackFideId "2811529"]
[WhiteElo "2772"]
[BlackElo "2534"]
[WhiteTeam "RUS"]
[BlackTeam "ISR"]
[WhiteClock "0:01:17"]
[BlackClock "0:00:05"]

1. d4 g6 2. e4 Bg7 3. Nc3 c6 4. Be3 b5 5. Bd3 a5 6. Qd2 a4 7. a3 d6 8. Nge2 Nd7 9. f4 e5 10. dxe5 dxe5 11. f5 Ngf6 12. O-O-O Ng4 13. Bg5 f6 14. Be3 Nxe3 15. Qxe3 Qe7 16. Na2 Qc5 17. Qg3 Bh6+ 18. Kb1 Qe3 19. fxg6 Qxg3 20. hxg3 hxg6 21. Nb4 Bb7 22. c4 bxc4 23. Bxc4 Ke7 24. Nc3 Nb6 25. Ba2 Be3 26. Nc2 Bc5 27. Rdf1 Rad8 28. Ne1 Ba6 29. Kc2 Bxf1 30. Rxf1 Be3 31. Nd3 Rh2 32. Nb4 Rxg2+ 33. Kb1 Rdd2 34. Nd1 Rxd1+ 35. Rxd1 Rxg3 36. Nxc6+ Kf8 37. Rd8+ Kg7 38. Be6 Rg1+ 39. Ka2 Kh6 40. Ne7 Kg5 41. Rg8 Kf4 42. Nd5+ Kxe4 43. Nxb6 Bxb6 44. Rb8 Bd4 45. Rb5 Rf1 46. Bd5+ Kd3 47. Ra5 Rf2 48. Rb5 Rxb2+ 49. Rxb2 Bxb2 50. Kxb2 e4 51. Bc6 e3 52. Bxa4 e2 53. Bb5+ Kd2 54. Bxe2 Kxe2 55. a4 f5 56. a5 f4 57. a6 f3 58. a7 f2 59. a8=Q f1=Q 60. Qe4+ Kd1 61. Qd5+ Ke1 62. Qa5+ Kf2 63. Qb6+ Kg2 64. Qxg6+ Kf2 65. Kc2 Qg2 66. Qb6+ Kg3+ 67. Kc3 Qf3+ 68. Kb4 Qf2 69. Qg6+ Kf3 70. Kc4 Ke2 71. Qd3+ Ke1 72. Qc3+ Qd2 73. Qg3+ Qf2 74. Qc3+ Qd2 75. Qa1+ Qd1 76. Qh8 Qe2+ 77. Kb3 Qd1+ 78. Kb2 Qd2+ 79. Kb1 Qd1+ 80. Kb2 Qd2+ 81. Ka3 Qd3+ 82. Kb4 Qd2+ 83. Kc5 Qc2+ 84. Kd6 Qd2+ 85. Ke7 Qe2+ 86. Kd7 Qd2+ 87. Kc7 Qc2+ 88. Kb8 Qb3+ 89. Ka7 Qa3+ 90. Kb6 Qb4+ 91. Kc6 Qa4+ 92. Kd5 Qb5+ 93. Ke4 Qc4+ 94. Kf3 Qd3+ 95. Kg2 Qd2+ 96. Kh1 Qe2 97. Qd4 Qf2 98. Qe4+ Qe2 99. Qh4+ Kd2 100. Qb4+ Kd1 101. Qb1+ Kd2 102. Kg1 Qd1+ 103. Qxd1+ Kxd1 1/2-1/2

[Event "January 2 Early 2024"]
[Site "https://www.chess.com"]
[Date "2024.01.02"]
[Round "4"]
[White "Kochiev, Ivan"]
[Black "Garcia Ramos, Daniel"]
[Result "1-0"]
[Board "68"]
[TimeControl "180+1"]
[WhiteFideId "2917890"]
[BlackFideId "32010311"]
[WhiteElo "2531"]
[BlackElo "2768"]
[WhiteTeam "BUL"]
[BlackTeam "ESP"]
[WhiteClock "0:00:28"]
[BlackClock "0:00:10"]

1. e4 c6 2. d4 d5 3. Nc3 dxe4 4. Nxe4 Nf6 5. Nxf6+ exf6 6. c3 Bd6 7. Bd3 Na6 8. Ne2 Nc7 9. O-O Nd5 10. Ng3 O-O 11. f4 Re8 12. Qf3 Qc7 13. f5 Bd7 14. Nh5 b5 15. Bh6 g6 16. fxg6 fxg6 17. Nxf6+ Nxf6 18. Qxf6 Rf8 19. Bxf8 Rxf8 20. Qh4 Bf4 21. Rae1 Qd6 22. Re7 Bxh2+ 23. Kh1 Rxf1+ 24. Bxf1 h5 25. Rxd7 Qxd7 26. Kxh2 Qf5 27. Be2 Kg7 28. Qg3 Kh6 29. Bd3 Qf6 30. b3 a5 31. c4 bxc4 32. bxc4 h4 33. Qxg6+ Qxg6 34. Bxg6 Kxg6 35. Kh3 Kf5 36. Kxh4 Ke4 37. g4 Kxd4 38. g5 Kxc4 39. g6 Kb4 40. g7 c5 41. g8=Q c4 42. Qb8+ Ka3 43. Qb1 a4 44. Kg4 c3 45. Kf4 c2 46. Qxc2 Kb4 47. Qb2+ Kc4 48. a3 1-0

[Event "January 2 Early 2024"]
[Site "https://www.chess.com"]
[Date "2024.01.02"]
[Round "4"]
[White "Munkhgal, Gombosuren"]
[Black "Bodnar, Nikolay"]
[Result "1/2-1/2"]
[Board "69"]
[TimeControl "180+1"]
[WhiteFideId "4901266"]
[BlackFideId "14106469"]
[WhiteElo "2764"]
[BlackElo "2529"]
[WhiteTeam "MGL"]
[BlackTeam "UKR"]
[WhiteClock "0:00:03"]
[BlackClock "0:00:14"]

1. e4 c5 2. b4 cxb4 3. d4 d6 4. f4 Nf6 5. Bd3 e5 6. Nf3 Bg4 7. O-O Nbd7 8. Bb2 Qc7 9. h3 Bxf3 10. Qxf3 Be7 11. Nd2 O-O 12. g4 exd4 13. g5 Ne8 14. Bxd4 d5 15. exd5 Bc5 16. Bf2 Bxf2+ 17. Rxf2 Nc5 18. Re1 Nxd3 19. Qxd3 Nd6 20. f5 Rac8 21. Nb3 Rfe8 22. Rxe8+ Rxe8 23. f6 Re5 24. h4 Re4 25. Qg3 b6 26. Nd2 Re1+ 27. Kh2 Qd7 28. fxg7 Qe7 29. Nf3 Re2 30. Rxe2 Qxe2+ 31. Kh3 Kxg7 32. h5 Nf5 33. h6+ Kg6 34. Qf4 Qf1+ 35. Kh2 Qf2+ 36. Kh3 Qf1+ 37. Kh2 Qe2+ 38. Kh3 Qf1+ 1/2-1/2

[Event "January 2 Early 2024"]
[Site "https://www.chess.com"]
[Date "2024.01.02"]
[Round "4"]
[White "Bardyk, Artem"]
[Black "Matyunin, Maxim"]
[Result "0-1"]
[Board "70"]
[TimeControl "180+1"]
[WhiteFideId "34349979"]
[BlackFideId "34106682"]
[WhiteElo "2757"]
[BlackElo "2525"]
[WhiteTeam "RUS"]
[BlackTeam "RUS"]
[WhiteClock "0:00:03"]
[BlackClock "0:00:14"]

1. e4 e6 2. d4 d5 3. Nc3 Bb4 4. Ne2 c5 5. a3 Bxc3+ 6. Nxc3 cxd4 7. Qxd4 Nf6 8. Bg5 Nc6 9. Qc5 d4 10. Nb5 Nxe4 11. Bxd8 Nxc5 12. Bc7 a6 13. Nd6+ Kd7 14. Nxf7 Kxc7 15. Nxh8 Bd7 16. Nf7 h6 17. b4 Na4 18. b5 axb5 19. Bxb5 Ra5 20. Bxc6 Bxc6 21. f4 Rf5 22. Ne5 Rxf4 23. Nxc6 bxc6 24. Rf1 Rg4 25. g3 Kd6 26. Rf4 h5 27. Rxg4 hxg4 28. Kd2 c5 29. Rf1 e5 30. Rf7 e4 31. Rxg7 e3+ 32. Ke1 c4 33. Rxg4 Ke5 34. Rg5+ Ke4 35. Rg4+ Ke5 36. Rg8 d3 37. Re8+ Kd4 38. cxd3 cxd3 39. Rd8+ Kc3 40. Rc8+ Kb2 41. Rd8 Kc2 42. Rc8+ Nc3 43. Rd8 d2+ 44. Kf1 e2+ 45. Kg2 0-1